 Dungeon Crawl Stone Soup version 0.17-a0-649-g87edefa (webtiles) character file.

392 oplop the Ducker (level 6, -2/41 HPs)
             Began as a Merfolk Ice Elementalist on Apr 17, 2015.
             Slain by an ogre
             ... wielding a +0 giant club
              (30 damage)
             ... on level 4 of the Dungeon.
             The game lasted 00:09:21 (4276 turns).

oplop the Ducker (Merfolk Ice Elementalist)         Turns: 4276, Time: 00:09:21

Health: -2/41      AC:  2    Str:  9    XL:     6   Next: 80%
Magic:  11/11      EV: 15    Int: 16    God:
Gold:   136        SH:  0    Dex: 14    Spells: 2 memorised, 8 levels left

rFire  . . .     SeeInvis .     b - +0 blowgun
rCold  . . .     Clarity  .     a - +0 robe
rNeg   . . .     SustAb   .     (no shield)
rPois  .         Gourm    .     (no helmet)
rElec  .         Spirit   .     (no cloak)
rCorr  .         Warding  .     (no gloves)
rMut   .         Stasis   .     (no boots)
MR     .....                    (no amulet)
Stlth  ++........               (no ring)
                                (no ring)

@: not resistant to hostile enchantments, unstealthy
A: change form in water, swift swim
a: no special abilities


You were on level 4 of the Dungeon.
You were not hungry.

You visited 1 branch of the dungeon, and saw 4 of its levels.

You collected 136 gold pieces.

Inventory:

Hand weapons
 b - a +0 blowgun (weapon)
 e - a +0 dagger
 r - a +0 short sword
Missiles
 h - 24 poisoned needles (quivered)
Armour
 a - a +0 robe (worn)
Magical devices
 f - a wand of slowing (22)
 q - a wand of polymorph (9)
Scrolls
 g - 4 scrolls of identify
 j - a scroll of teleportation
 o - a scroll of fear {unknown}
 t - a scroll of remove curse
Potions
 k - a potion of brilliance
 l - a potion of heal wounds {unknown}
 m - a potion of restore abilities {unknown}
 n - a potion of resistance {unknown}
 p - 2 potions of curing
Books
 d - a book of Frost

   Spells                             Type                      Level
   a - Freeze                         Ice                          1
   b - Throw Frost                    Conjuration/Ice              2
   c - Ozocubu's Armour               Charms/Ice                   3
   d - Throw Icicle                   Conjuration/Ice              4
   e - Summon Ice Beast               Ice/Summoning                4
   f - Condensation Shield            Ice                          4
Comestibles
 c - 6 bread rations
 i - a royal jelly
 s - a chunk of flesh


   Skills:
 + Level 6.0 Dodging
 - Level 2.1 Stealth
 + Level 3.9 Spellcasting
   Level 0.7 Conjurations
 + Level 5.2 Ice Magic


You had 8 spell levels left.
You knew the following spells:

 Your Spells              Type           Power        Failure   Level  Hunger
a - Freeze                Ice            ###.         1%          1    None
b - Ozocubu's Armour      Chrm/Ice       ##......     17%         3    ###....


Dungeon Overview and Level Annotations

Branches:
Dungeon (4/15)
 Temple: D:4-7

Altars:
Xom

Annotations:
D:3 Grinder


Message History

Okay, then.
b - a +0 blowgun (weapon)
Firing (i - inventory):
h - 27 poisoned needles (quivered)
Press: ? - help, Shift-Dir - straight line, f/p - ogre
Aim: an ogre, wielding a giant club You shoot a poisoned needle.
The poisoned needle barely misses the ogre.
Firing (i - inventory):
h - 26 poisoned needles (quivered)
Press: ? - help, Shift-Dir - straight line, f/p - ogre
Aim: an ogre, wielding a giant club You shoot a poisoned needle.
The poisoned needle barely misses the ogre.
Firing (i - inventory):
h - 25 poisoned needles (quivered)
Press: ? - help, Shift-Dir - straight line, f/p - ogre
Aim: an ogre, wielding a giant club You shoot a poisoned needle.
The poisoned needle hits the ogre!
The ogre is poisoned.
The ogre hits you with a giant club!!
Ouch! That really hurt!
You die...

#.. #.# ###.# #.####
##.#.# #.##.##
####....########.....###
+.......................
####....#########....###
##.#.# #.#.## ###.#
#..## ####@# #####.#
#..O.# #.'_'.# #.####
#.######### #.#
#)........# #(#
#.##.#..#.# #.#
#.##.#..#.# ....(O.($#
#.##(#..... #########
#.##......# #.####..#.#


You could see an ogre.

Vanquished Creatures
  An orc wizard (D:3)
  A hound (D:4)
  Ijyb (D:3)
  Natasha (thrice) (D:2)
  3 worker ants (D:4)
  9 adders
  An ooze (D:1)
  2 worms (D:2)
  4 giant geckos
  10 orcs
  9 bats
  3 giant cockroaches
  12 hobgoblins
  2 quokkas (D:2)
  A giant newt (D:4)
  8 goblins
  7 jackals (D:3)
  11 kobolds
  14 rats
102 creatures vanquished.

Notes
Turn   | Place    | Note
--------------------------------------------------------------
     0 | D:1      | oplop, the Merfolk Ice Elementalist, began the quest for the Orb.
     0 | D:1      | Reached XP level 1. HP: 13/13 MP: 3/3
   108 | D:1      | Reached XP level 2. HP: 10/19 MP: 0/5
  1138 | D:1      | Reached XP level 3. HP: 16/24 MP: 3/6
  1463 | D:2      | Noticed Natasha
  1471 | D:2      | Killed Natasha
  1471 | D:2      | Reached skill level 4 in Dodging
  1471 | D:2      | Reached XP level 4. HP: 2/30 MP: 3/8
  2180 | D:2      | Noticed Natasha
  2190 | D:2      | Killed Natasha
  2293 | D:2      | Reached XP level 5. HP: 28/35 MP: 7/9
  2919 | D:3      | Reached skill level 5 in Dodging
  3091 | D:3      | Noticed Grinder
  3092 | D:3      | Paralysed by Grinder for 6 turns
  3282 | D:2      | Noticed Natasha
  3286 | D:2      | Killed Natasha
  3425 | D:3      | Noticed Ijyb
  3443 | D:3      | Killed Ijyb
  3443 | D:3      | Reached XP level 6. HP: 33/41 MP: 1/11
  3756 | D:4      | Learned a level 3 spell: Ozocubu's Armour
  3787 | D:4      | Reached skill level 5 in Ice Magic
  4073 | D:4      | Found a shimmering altar of Xom.
  4138 | D:4      | Reached skill level 6 in Dodging
  4276 | D:4      | Slain by an ogre

Action                   |  1- 3 |  4- 6 || total
-------------------------+-------+-------++-------
Melee: Unarmed           |    10 |    22 ||    32
       Dagger            |    58 |    53 ||   111
       Short sword       |       |     5 ||     5
 Fire: Blowgun           |       |    45 ||    45
 Cast: Freeze            |    39 |   111 ||   150
       Ozocubu's Armour  |       |     1 ||     1
  Use: Scroll            |       |     4 ||     4
       Potion            |       |     2 ||     2
  Eat: Chunk             |     2 |     8 ||    10
       Pizza             |       |     1 ||     1
